AoeStats
← Hyper-Drive

Nomad

505862995Analyzed
3v3 RM · 20d ago on Sep 11, 2026· 42m 12s· 6 players
Game mode
Random Map
Map size
210×210
Population
200
Speed
Normal
Resources
Standard
Victory
Conquest
Starting age
Dark Age
Ending age
Imperial Age
RankedLock teamsTeams togetherTeam positionsShared explorationLock speedFull tech treeHidden civsTurbo modeCheats
Victory
Defeat
🇨🇳 Japanese · China
1188
+13
🇨🇳 Vietnamese · China
1077
+17
🇨🇳 Huns · China
1033
+19
🇹🇼 Koreans · Taiwan
1134
-17
🇨🇳 Burgundians · China
1113
-17
🇨🇿 Slavs · Czechia
1063
-15
卢本伟
4:53 Loom
13:56 Feudal Age
18:45 Castle Age
18:11 Stone Mining
27:06 Double-Bit Axe
28:23 Horse Collar
34:28 Imperial Age
33:27 Bow Saw
34:30 Heavy Plow
37:19 Two-Man Saw
36:56 Wheelbarrow
40:59 Fletching
41:10 Padded Archer Armor
41:07 Gold Mining
42:25 Gold Shaft Mining
42:08 Hand Cart
帅死八个人
10:52 Loom
14:14 Feudal Age
19:18 Castle Age
18:10 Double-Bit Axe
41:21 Bow Saw
高血压选手
4:37 Loom
13:56 Feudal Age
14:26 Double-Bit Axe
17:51 Castle Age
15:47 Gold Mining
18:47 Bow Saw
18:55 Medium Warships
20:17 Fishing Lines
22:40 Fletching
24:01 Bodkin Arrow
24:01 Horse Collar
24:16 Gillnets
25:13 Horse Collar
27:32 Ballistics
27:31 Padded Archer Armor
27:33 Husbandry
28:08 Bloodlines
28:06 Heavy Plow
29:12 Wheelbarrow
29:29 Treadmill Crane
33:11 Imperial Age
31:11 Thumb Ring
31:43 Scale Mail Armor
32:15 Yasama
33:36 Squires
33:19 Heavy Cavalry Archer
34:06 Bracer
35:44 Chemistry
34:49 Siege Engineers
35:21 Chain Mail Armor
36:43 Conscription
38:02 Parthian Tactics
39:03 Kataparuto
38:04 Elite Samurai
39:16 Plate Mail Armor
38:52 Arrowslits
38:59 Guard Tower
39:28 Forging
40:31 Arrowslits
42:56 Two-Man Saw
42:50 Keep
42:26 Masonry
Hyper-Drive
7:55 Loom
18:48 Feudal Age
19:12 Horse Collar
19:19 Double-Bit Axe
23:59 Castle Age
22:17 Gold Mining
23:17 Bloodlines
24:13 Forging
25:44 Wheelbarrow
25:37 Heavy Plow
26:07 Husbandry
26:53 Scale Barding Armor
27:18 Bow Saw
28:12 Chain Barding Armor
29:55 Iron Casting
30:45 Gold Shaft Mining
30:00 Stone Mining
Jason
3:37 Loom
14:45 Feudal Age
16:04 Wheelbarrow
15:17 Double-Bit Axe
15:20 Horse Collar
15:49 Stone Mining
22:36 Gold Mining
25:32 Castle Age
23:36 Horse Collar
25:22 Fletching
26:52 Hand Cart
26:23 Town Watch
26:55 Bow Saw
30:57 Scale Mail Armor
30:48 Pikeman
32:23 Squires
32:43 Forging
34:27 Iron Casting
34:20 Bodkin Arrow
34:55 Heavy Plow
36:29 Chain Mail Armor
39:30 Gold Shaft Mining
40:21 Masonry
40:37 Ballistics
43:19 Imperial Age
咕咕咕
6:02 Loom
10:40 Double-Bit Axe
11:00 Horse Collar
15:39 Feudal Age
15:08 Stone Mining
17:52 Bow Saw
17:59 Forging
18:39 Scale Barding Armor
20:30 Fletching
22:15 Wheelbarrow
25:57 Castle Age
24:24 Gold Mining
26:02 Cavalier
26:44 Husbandry
27:06 Chain Barding Armor
Connection lost

Rejoining the realm…

Still unreachable

The connection could not be restored.

Session expired

The server has moved on; the page needs a fresh start.